 Dungeon Crawl Stone Soup version 0.22-a0-135-g6f012ad (webtiles) character file.

180 KristoblXynda the Ruffian (level 5, -2/44 HPs)
             Began as a Draconian Transmuter on Feb 1, 2018.
             Slain by Terence
             ... wielding a +2 mace of venom
              (7 damage)
             ... on level 3 of the Dungeon.
             The game lasted 00:05:00 (2259 turns).

KristoblXynda the Ruffian (Draconian Transmuter)    Turns: 2259, Time: 00:05:01

Health: -2/44      AC:  6    Str: 17 (18) XL:     5   Next: 33%
Magic:  8/8        EV: 12    Int: 14      God:
Gold:   100        SH:  0    Dex: 11      Spells: 2/8 levels left

rFire    . . .     SeeInvis .     - Unarmed
rCold    . . .     Gourm    +   (no shield)
rNeg     . . .     Faith    .   (armour unavailable)
rPois    .         Spirit   .   (helmet restricted)
rElec    .         Reflect  .   (no cloak)
rCorr    .         Harm     .   l - +0 pair of gloves
MR       .....                  (no boots)
Stlth    +.........             o - amulet of the gourmand
HPRegen  0.14/turn              (no ring)
MPRegen  0.11/turn              (no ring)

@: mighty, lethally poisoned (-2 -> -36)
A: unfitting armour, cold-blooded, AC +5
a: no special abilities


You were on level 3 of the Dungeon.
You were very full.

You visited 1 branch of the dungeon, and saw 3 of its levels.

You collected 100 gold pieces.

Inventory:

Missiles
 a - 53 arrows
Armour
 l - a +0 pair of gloves (worn)
Jewellery
 o - an amulet of the gourmand (around neck)
Scrolls
 d - a scroll of identify
 f - a scroll of teleportation {unknown}
Potions
 i - a potion of haste {unknown}
 j - 2 potions of resistance
Books
 b - a book of Changes

   Spells                             Type                      Level
   a - Beastly Appendage              Transmutation                1
   b - Sticks to Snakes               Transmutation                2
   c - Spider Form                    Transmutation/Poison         3
   d - Ice Form                       Ice/Transmutation            4
   e - Blade Hands                    Transmutation                5
Comestibles
 c - 6 rations


   Skills:
 + Level 2.9 Fighting
 - Level 1.7 Dodging
 * Level 4.8 Unarmed Combat
 - Level 2.0 Spellcasting
 + Level 3.2 Transmutations


You had 2 spell levels left.
You knew the following spells:

 Your Spells              Type           Power        Failure   Level  Hunger
a - Beastly Appendage     Tmut           ##....       6%          1    ##.....
b - Sticks to Snakes      Tmut           ##......     10%         2    ###....
c - Spider Form           Tmut/Pois      #.........   36%         3    ####...


Dungeon Overview and Level Annotations

Branches:
Dungeon (3/15)

Altars:
Xom

Annotations:
D:3 Robin, Terence


Innate Abilities, Weirdness & Mutations

Your plain brown scales are hard. (AC +5)
You cannot fit into any form of body armour.
You are cold-blooded and may be slowed by cold attacks.


Message History

Terence is moderately wounded.
You feel sick. Terence hits you with a mace of venom.
You are lethally poisoned!
You feel sick.
It was a potion of cancellation.
You feel magically purged.
You feel sick. Terence hits you with a mace of venom.
* * * LOW HITPOINT WARNING * * *
You are more poisoned.
It was a potion of might.
You feel very mighty all of a sudden.
* * * LOW HITPOINT WARNING * * *
You feel sick. Terence hits you with a mace of venom.
* * * LOW HITPOINT WARNING * * *
You are more poisoned.
You hit Terence.
Your tail-slap misses Terence.
Terence is moderately wounded.
* * * LOW HITPOINT WARNING * * *
You feel very sick. Terence hits you with a mace of venom!
You die...

##.#####.........##..#
#.......
.>........#####.###..#
#.###### ##.######.#
#. .>..# #.# ##. #.#
##..###.####.# #.#
####.#........#.## #.#
#..<.......(...##
#.####..###.#####...#
#.........)..# ##รท.##
######@.#.#.# #.#.##
#@#....# ####.##.# #)#
..........###. #.#
#...........) #.#
######.#### ..# ...
#.# #.# #.# #.#


You could see Terence.

Vanquished Creatures
  2 orc wizards (D:3)
  Jessica (D:3)
  4 adders (D:3)
  An ooze (D:3)
  A worm (D:2)
  3 leopard geckos
  3 orcs (D:3)
  2 giant cockroaches
  7 goblins
  5 hobgoblins
  4 jackals (D:1)
  A quokka (D:2)
  8 bats
  2 kobolds
  6 rats
50 creatures vanquished.

Notes
Turn   | Place    | Note
-------+----------+-------------------------------------------
     0 | D:1      | KristoblXynda the Draconian Transmuter began the quest for the Orb.
     0 | D:1      | Reached XP level 1. HP: 16/16 MP: 3/3
   169 | D:1      | Reached XP level 2. HP: 4/23 MP: 3/5
   860 | D:2      | Found a shimmering altar of Xom.
   999 | D:2      | Reached XP level 3. HP: 26/29 MP: 6/6
  1003 | D:2      | Learned a level 2 spell: Sticks to Snakes
  1007 | D:2      | Learned a level 3 spell: Spider Form
  1459 | D:3      | Reached skill level 4 in Unarmed Combat
  1476 | D:3      | Reached XP level 4. HP: 8/37 MP: 4/7
  1865 | D:3      | Reached XP level 5. HP: 17/42 MP: 8/8
  1892 | D:3      | Noticed Terence
  1892 | D:3      | Noticed Robin
  2173 | D:3      | Noticed Jessica
  2199 | D:3      | Killed Jessica
  2259 | D:3      | Slain by Terence

Vault maps used:
D:1:      lordsloth_arrival_two_stooges
D:2:      overflow_temple_1_default
D:3:      nicolae_tso_carved_into_rock, uniq_jessica, uniq_terence, uniq_robin

Skill      XL: |  1  2  3  4 |
---------------+-------------+-----
Fighting       | 2 |  2.9
Unarmed Combat | 4 |  4.8
Transmutations | 3 |  3.2
Dodging        | |  1.7
Spellcasting   | |  2.0

Action                   |  1- 3 |  4- 6 || total
-------------------------+-------+-------++-------
Melee: Unarmed           |   151 |    83 ||   234
       Tailslap          |    15 |     3 ||    18
       Headbutt          |     2 |       ||     2
       Kick              |     2 |       ||     2
 Cast: Beastly Appendage |     4 |       ||     4
       Sticks to Snakes  |       |     2 ||     2
  Use: Potion            |     3 |     3 ||     6
       Scroll            |     3 |       ||     3
 Stab: Sleeping          |     2 |       ||     2
  Eat: Chunk             |     2 |    13 ||    15
Armor: Skin              |    47 |    20 ||    67
Dodge: Dodged            |   115 |    47 ||   162

Table legend:
 A = Spawn XP
 B = Non-spawn XP
 C = Spawn XP percentage of total XP
 D = Spawn monster count
 E = Non-spawn monster count
 F = Spawn count percentage of total count
 G = Total turns spent on level
                    A         B        C        D         E        F      G
               +---------+---------+-------+---------+---------+-------+---------
         Total |       0 |     258 |   0.0 |       0 |      50 |   0.0 |  2259
               +---------+---------+-------+---------+---------+-------+---------
           D:1 |       0 |      30 |   0.0 |       0 |      17 |   0.0 |   816
           D:2 |       0 |      23 |   0.0 |       0 |      13 |   0.0 |   587
           D:3 |       0 |     205 |   0.0 |       0 |      20 |   0.0 |   856
               +---------+---------+-------+---------+---------+-------+---------
